 Dungeon Crawl Stone Soup version 0.31.0-32-g396128a36d (webtiles) character file.

Game seed: 2522882269396483680

10368 Peloso the Carver (level 11, 0/148 HPs)
             Began as a Minotaur Fighter on Mar 30, 2024.
             Was a High Priest of Okawaru.
             Slain by a freezing wraith (3 damage)
             ... in an ice cave.
             The game lasted 00:26:33 (11966 turns).

Peloso the Carver (Minotaur Fighter)               Turns: 11966, Time: 00:26:35

Health: 0/148      AC: 11    Str: 21    XL:     11   Next: 35%
Magic:  9/10       EV: 10    Int:  5    God:    Okawaru [*****.]
Gold:   658        SH:  6    Dex: 14    Spells: 10/10 levels left

rFire   + . .        a - +6 scimitar
rCold   . . .        d - +0 buckler
rNeg    . . .        u - +0 chain mail
rPois   .            (helmet currently unavailable)
rElec   +            c - melded +0 cloak
rCorr   +            f - melded +0 pair of gloves
SInv    +            (boots currently unavailable)
Will    +....        (no amulet) Stlth
                     q - ring of willpower
HPRegen 0.44/turn    E - ring "Alaac" {rElec rF+ rCorr SInv}
MPRegen 0.12/turn

%: no passive effects
@: berserking, beast-form, hasted and slowed
A: beast (slay +2), horns 2, retaliatory headbutt
a: Begin Untransformation, Renounce Religion, Heroism, Finesse, Duel


You were in an ice cave.
You worshipped Okawaru.
Okawaru was extremely pleased with you.
You were a hulking beast.
You visited 2 branches of the dungeon, and saw 13 of its levels.
You also visited: Sewer, Ossuary, Bailey and Ice Cave.

You collected 658 gold pieces.

Inventory:

Hand Weapons
 a - a +6 scimitar (weapon)
 b - a +4 scimitar
Armour
 c - a +0 cloak (melded)
 d - a +0 buckler (worn)
 f - a +0 pair of gloves (melded)
 u - a +0 chain mail (worn)
 x - a +2 cloak
 J - a +1 pair of boots
Jewellery
 e - an amulet of the acrobat
 q - a ring of willpower (left hand)
 E - the ring "Alaac" (right hand) {rElec rF+ rCorr SInv}
   (You found it on level 7 of the Dungeon)

   [ring of see invisible]

   rF+:       It protects you from fire.
   rElec:     It insulates you from electricity.
   SInv:      It lets you see invisible.
   rCorr:     It protects you from acid and corrosion.
 I - a +4 ring of protection
 L - a ring of flight
Talismans
 s - a beast talisman (active)
 B - a maw talisman
Wands
 g - a wand of iceblast (24)
 C - a wand of paralysis (14)
 M - a wand of flame (12)
Scrolls
 j - 4 scrolls of teleportation
 t - 3 scrolls of fog
 v - 4 scrolls of summoning
 y - 2 scrolls of immolation
 A - 3 scrolls of amnesia
 H - 2 scrolls of poison
Potions
 h - 5 potions of resistance {unknown}
 i - a potion of enlightenment
 k - 6 potions of curing
 l - a potion of experience
 m - 4 potions of berserk rage
 n - 5 potions of brilliance
 o - 6 potions of might
 p - 4 potions of haste
 w - 4 potions of magic
 z - a potion of ambrosia {unknown}
 D - 2 potions of cancellation {unknown}
 G - a potion of attraction {unknown}
 K - a potion of mutation {unknown}


   Skills:
 + Level 9.8 Fighting
 + Level 12.9 Long Blades
 + Level 10.5 Armour
 + Level 4.0 Dodging
 + Level 2.2 Stealth
 + Level 7.6 Shields
 + Level 0.2 Invocations
 + Level 4.1 Shapeshifting


You had 10 spell levels left.
You didn't know any spells.
Your spell library contained the following spells:

 Spells                   Type           Power      Damage    Failure   Level
 Sting                    Conj/Alch      0%         1d3       97%         1
 Cigotuvi's Dreadful Rot  Necr/Alch/Air  0%         N/A       99%         2
 Ensorcelled Hibernation  Hex/Ice        0%         N/A       99%         2
 Mercury Vapours          Alch/Air       0%         N/A       99%         2
 Dazzling Flash           Conj/Hex       0%         N/A       100%        3
 Gell's Gravitas          Tloc           0%         N/A       100%        3
 Passwall                 Erth           0%         N/A       100%        3
 Swiftness                Air            0%         N/A       100%        3
 Teleport Other           Tloc           0%         N/A       100%        3
 Volatile Blastmotes      Fire/Tloc      0%         2d10      100%        3
 Dispel Undead            Necr           0%         3d6       100%        4
 Olgreb's Toxic Radiance  Alch           0%         N/A       100%        4
 Dispersal                Tloc           0%         N/A       100%        6
 Starburst                Conj/Fire      0%         6d3       100%        6
 Maxwell's Capacitive Co  Air            0%         ∞         100%        8
 Chain Lightning          Conj/Air       0%         N/A       100%        9
 Fire Storm               Conj/Fire      0%         5d1       100%        9
 Shatter                  Erth           0%         3d5*      100%        9
 Martyr's Knell           Necr/Summ      Unusable   N/A       N/A         4
 Death Channel            Necr           Unusable   N/A       N/A         6

Dungeon Overview and Level Annotations

Branches:
Dungeon (13/15)            Temple (1/1) D:5            Lair (0/5) D:8
  Sewer (visited)         Ossuary (visited)          Bailey (visited)
  IceCv (1/1)
    Orc: D:9-12      Vaults: D:13-14

Altars:
Ashenzari
Cheibriados
Dithmenos
Elyvilon
Fedhas
Gozag
Hepliaklqana
Kikubaaqudgha
Makhleb
Nemelex Xobeh
Okawaru
Qazlal
Ru
Sif Muna
Trog
Uskayaw
Vehumet
Wu Jian
Xom
Yredelemnul
Zin
The Shining One

Shops:
D:4 =

Annotations:
D:4 3 runed translucent doors, fastbyo12's ghost, novice TrBe
D:9 2 transporters


Innate Abilities, Weirdness & Mutations

You are a hulking beast.
Your limbs bulge with bestial killing power. (Slay +2)
You have a pair of horns on your head.
You reflexively headbutt those who attack you in melee.


Message History

The freezing wraith freezes you!!
* * * LOW HITPOINT WARNING * * *
The freezing wraith hits you.
* * * LOW HITPOINT WARNING * * *
The freezing wraith drains your vigour!
You feel as though you will be slow longer.
You feel much better. The freezing wraith barely misses you.
You furiously retaliate!
You headbutt the freezing wraith.
The freezing wraith completely misses you.
The freezing wraith hits you but does no damage.
The freezing wraith hits you. You block the freezing wraith's attack.
The freezing wraith hits you!
* * * LOW HITPOINT WARNING * * *
The freezing wraith drains your vigour!
You feel as though you will be slow longer.
The freezing wraith hits you but does no damage. x2
You feel yourself speed up.
You block the freezing wraith's attack. x2
The freezing wraith hits you.
* * * LOW HITPOINT WARNING * * *
The freezing wraith freezes you!
* * * LOW HITPOINT WARNING * * *
The freezing wraith completely misses you.
Unknown command.
You feel much better.
You are engulfed in freezing vapours.
* * * LOW HITPOINT WARNING * * *
You block the freezing wraith's attack. x2
The freezing wraith barely misses you. x2
A red film seems to cover your vision as you go berserk!
You feel yourself moving faster!
You feel mighty!
You are engulfed in freezing vapours.
* * * LOW HITPOINT WARNING * * *
The freezing wraith hits you!
* * * LOW HITPOINT WARNING * * *
The freezing wraith freezes you!
* * * LOW HITPOINT WARNING * * *
The freezing wraith hits you.
* * * LOW HITPOINT WARNING * * *
The freezing wraith hits you but does no damage.
The freezing wraith hits you.
You die...

..# ##..# ### ##
#####..# ...###.
#.##..## .......
##§○§°..## ..4...§
#.○○§#☼..##
......§##☼☼§###...#
.....ZWW§§§§§##...#
....#h#§§○##...##
.. ##§§.###...##
######.....##
#...∩...# #.......#
##..∩..## ##...##
#####


You could see an ice devil, 2 freezing wraiths and a two-headed ogre simulacrum.

Vanquished Creatures
  An arcanist (D:9)
  A deep elf pyromancer (D:13)
  An orc knight (Bailey)
  A kobold demonologist (D:9)
  An unseen horror (D:12)
  Psyche (D:8)
  A troll (D:10)
  A shadow (D:13)
  2 wraiths
  A wyvern (D:9)
  9 yaks
  Eustachio (D:5)
  A steam dragon (D:8)
  A death yak simulacrum (IceCv)
  4 water moccasins
  2 black bears (D:8)
  3 ice beasts
  Pargi (Sewer)
  4 ogres
  10 centaurs
  4 phantoms
  3 kobold brigands
  A brain worm (Sewer)
  7 bullfrogs
  3 elf zombies (Ossuary)
  A gnoll sergeant (D:6)
  3 scorpions
  10 wights
  2 elephant simulacra (IceCv)
  2 howler monkeys
  3 bombardier beetles
  A crimson imp (D:9)
  7 hounds
  A human zombie (Ossuary)
  3 orc priests
  A jelly (D:5)
  2 gnoll boudas (D:6)
  A sleepcap (D:7)
  4 iguanas
  5 orc wizards
  Natasha (thrice) (D:2)
  A wolf simulacrum (IceCv)
  5 hound zombies (Ossuary)
  2 mummies (Ossuary)
  16 gnolls
  7 adders
  A shadow imp (D:4)
  2 ufetubi (D:6)
  6 adder zombies (Ossuary)
  3 dart slugs
  4 ribbon worms
  30 orcs
  9 endoplasms
  7 giant cockroaches
  4 gnoll zombies (Ossuary)
  12 goblins
  18 hobgoblins
  5 jackals
  9 quokkas
  9 ball pythons
  6 bats
  6 frilled lizards
  A goblin zombie (D:5)
  4 jackal zombies
  23 kobolds
  6 kobold zombies (Ossuary)
  9 orc zombies (Ossuary)
  4 rats
323 creatures vanquished.

Vanquished Creatures (collateral kills)
  A scorpion (D:5)
1 creature vanquished.

Vanquished Creatures (others)
  A kobold (D:9)
1 creature vanquished.

Grand Total: 325 creatures vanquished

Notes
Turn   | Place    | Note
-------+----------+-------------------------------------------
     0 | D:1      | Peloso the Minotaur Fighter began the quest for the Orb.
     0 | D:1      | Reached XP level 1. HP: 19/19 MP: 0/0
   170 | D:1      | Reached XP level 2. HP: 22/27 MP: 1/1
   604 | D:1      | Reached XP level 3. HP: 34/34 MP: 2/2
  1112 | D:2      | Reached XP level 4. HP: 41/41 MP: 3/3
  1154 | D:2      | Noticed Natasha
  1161 | D:2      | Killed Natasha
  1162 | D:2      | Reached skill level 3 in Long Blades
  1456 | D:2      | Noticed Natasha
  1462 | D:2      | Killed Natasha
  1463 | D:2      | Reached skill level 5 in Fighting
  1645 | D:2      | Noticed Natasha
  1652 | D:2      | Killed Natasha
  1653 | D:2      | Reached XP level 5. HP: 48/48 MP: 4/4
  1963 | D:2      | Reached skill level 4 in Long Blades
  2749 | D:3      | Found a shimmering altar of Xom.
  2750 | D:3      | Found a hazy altar of Hepliaklqana.
  2750 | D:3      | Noticed a yak
  2751 | D:3      | Noticed a spectral ugly thing
  2751 | D:3      | Noticed a yak
  2879 | D:3      | Found a faded altar of an unknown god.
  3289 | D:4      | Reached skill level 5 in Armour
  3294 | D:4      | Reached XP level 6. HP: 48/56 MP: 5/5
  3539 | D:4      | Reached skill level 5 in Long Blades
  3553 | D:4      | Reached skill level 1 in Dodging
  3557 | D:4      | Identified the +4 halberd of Umoit {venom, ^Drain rElec
                  | Will++ MP-9}
  3656 | D:4      | Found Pitic's Jewellery Emporium.
  3775 | D:4      | Found a stormy altar of Qazlal.
  3877 | D:4      | Found a runed translucent gate.
  4199 | D:4      | Found a runed translucent gate.
  4199 | D:4      | Identified the +4 whip of Doom {drain, rPois Str+3 Dex-2}
  4199 | D:4      | Noticed fastbyo12's ghost (novice TrBe)
  4200 | D:4      | Found a runed translucent gate.
  4202 | D:4      | Identified the +7 chain mail "Roggeet" {rElec}
  4202 | D:4      | Noticed an orc warrior
  4244 | D:5      | Entered Level 5 of the Dungeon
  4247 | D:5      | Reached XP level 7. HP: 44/62 MP: 6/6
  4292 | D:5      | Reached skill level 6 in Long Blades
  4378 | D:5      | Reached skill level 5 in Shields
  4378 | D:5      | Reached skill level 1 in Shapeshifting
  4488 | D:5      | Found a glowing drain.
  4492 | Sewer    | Entered a sewer
  4507 | Sewer    | Noticed Pargi
  4523 | Sewer    | Killed Pargi
  4524 | Sewer    | Reached skill level 7 in Long Blades
  4596 | Sewer    | Reached XP level 8. HP: 55/70 MP: 4/7
  4686 | D:5      | Found a sand-covered staircase.
  4695 | Ossuary  | Entered an ossuary
  5272 | D:5      | Found a staircase to the Ecumenical Temple.
  5378 | D:5      | Noticed Eustachio
  5383 | D:5      | Killed Eustachio
  5384 | D:5      | Reached skill level 8 in Long Blades
  5384 | D:5      | Reached skill level 1 in Stealth
  5429 | Temple   | Entered the Ecumenical Temple
  5449 | Temple   | Became a worshipper of Warmaster Okawaru
  5947 | D:6      | Noticed an angel
  5951 | D:6      | Found a glowing silver altar of Zin.
  6085 | D:6      | Found a shadowy altar of Dithmenos.
  6271 | D:6      | Reached skill level 9 in Long Blades
  6271 | D:6      | Reached XP level 9. HP: 78/78 MP: 8/8
  6377 | D:6      | Found a blossoming altar of Fedhas.
  6839 | D:6      | Reached * piety under Okawaru
  7078 | D:6      | Identified the +0 leather armour of Good Intentions {Dex+7}
  7725 | D:7      | Found a broken altar of Ashenzari.
  7726 | D:7      | Identified the ring "Alaac" {rElec rF+ rCorr SInv}
  7826 | D:7      | Reached ** piety under Okawaru
  8280 | D:8      | Found an ancient bone altar of Kikubaaqudgha.
  8292 | D:8      | Reached skill level 10 in Long Blades
  8712 | D:8      | Noticed Psyche
  8717 | D:8      | Killed Psyche
  8718 | D:8      | Reached XP level 10. HP: 81/88 MP: 9/9
  8786 | D:8      | Reached *** piety under Okawaru
  9158 | D:8      | Reached skill level 11 in Long Blades
  9178 | D:8      | Found a staircase to the Lair.
  9546 | D:9      | Found a transporter.
  9550 | D:9      | Noticed a fire crab
  9570 | D:9      | Reached **** piety under Okawaru
  9772 | D:9      | Found a flagged portal.
  9799 | Bailey   | Entered a bailey
 10036 | Bailey   | Noticed an orc knight
 10050 | Bailey   | Killed an orc knight
 10426 | D:9      | Found a transporter.
 10582 | D:9      | Reached skill level 10 in Armour
 10583 | D:9      | Reached skill level 12 in Long Blades
 10657 | D:9      | Noticed an orange demon
 10848 | D:9      | Noticed an arcanist
 10856 | D:9      | Killed an arcanist
 10857 | D:9      | Reached XP level 11. HP: 89/97 MP: 7/10
 10965 | D:10     | Entered Level 10 of the Dungeon
 10987 | D:10     | Reached ***** piety under Okawaru
 11268 | D:10     | Received a gift from Okawaru
 11304 | D:10     | You fall into a shaft and drop 3 floors!
 11350 | D:13     | Noticed a deep elf pyromancer
 11364 | D:13     | Killed a deep elf pyromancer
 11560 | D:13     | Noticed a boulder beetle
 11564 | D:13     | Noticed a centaur warrior
 11693 | D:12     | Found a frozen archway.
 11702 | IceCv    | Entered an ice cave
 11956 | IceCv    | HP: 2/99 [freezing wraith (8)]
 11966 | IceCv    | HP: 6/148 [freezing wraith (11)]
 11966 | IceCv    | Slain by a freezing wraith

Illustrated notes

Levels and vault maps discovered:
D:1:      wander_arrival_desolate, layout_basic
D:2:      layout_basic, serial_glass, glass_columns_a, glass_columns_a,
          minmay_pentomino_o2, uniq_natasha
D:3:      layout_loops_ring, regret_index_temple_of_mockery,
          ebering_ecumenical_altar_hall, grunt_ministairs_14,
          minmay_misc_feat_rows, serial_bayou_crossing
D:4:      layout_basic, mainiacjoe_overflow_cross_hatched,
          biasface_ghost_orc_armoury, serial_shops,
          nicolae_shop_real_fake_doors, dreamdust_princess_corridor
D:5:      layout_loops_cross, minmay_temple_entry_glassed_door, enter_ossuary_3,
          gup_sewer_entry_spiral, hangedman_abyss_or_decor_passed,
          hangedman_decor_growths, uniq_eustachio
D:6:      kennysheep_housing_project, layout_basic, zin_angel,
          mainiacjoe_overflow_catch_the_wave, minmay_joined_circles
D:7:      layout_rooms, mainiacjoe_overflow_chevrons
D:8:      layout_cave_pools, nicolae_overflow_crystal_walls,
          due_lair_maze_entry_diamond, uniq_psyche
D:9:      gammafunk_wand_slinger, layout_long_grid, enter_bailey_5,
          lightli_wizard_tower
D:10:     layout_basic, minmay_orc_entry_temple_small
D:12:     layout_irregular_city, portal_ice_cave_entry_pillars_1, serial_shops,
          nicolae_shop_rolling_square, uniq_frances
D:13:     layout_rooms, grunt_vaults_entry_fortified, serial_shops,
          nicolae_shop_tiny_statue_garden, gammafunk_ghost_wrathful_warriors
Temple:   minmay_temple_curvy_branch
IceCv:    ice_cave_small_necro

Skill      XL: |  1  2  3  4  5  6  7  8  9 10 11 |
---------------+----------------------------------+-----
Fighting       | 4 5 6 8 9 |  9.8
Shields        | 4 5 6 7 |  7.6
Armour         | 4 5 6 7 8 10 | 10.5
Long Blades    | 3 4 5 7 9 10 12 | 12.9
Dodging        | 1 2 3 4 |  4.0
Shapeshifting  | 1 2 3 4 |  4.1
Stealth        | 1 2 |  2.2
Invocations    | |  0.2

Action                     |  1- 3 |  4- 6 |  7- 9 | 10-12 || total
---------------------------+-------+-------+-------+-------++-------
  Melee: Long sword        |    69 |   188 |   437 |       ||   694
         Headbutt          |    10 |    25 |    94 |    52 ||   181
         Scimitar          |       |       |     6 |   238 ||   244
 Invoke: Heroism           |       |       |       |     4 ||     4
    Use: Scroll            |       |     7 |    14 |     8 ||    29
         Potion            |       |       |       |     8 ||     8
   Stab: Distracted        |       |       |     1 |       ||     1
 Armour: Scale mail        |    44 |   113 |   197 |       ||   354
         Chain mail        |       |       |   157 |   280 ||   437
  Dodge: Dodged            |    34 |    74 |   220 |   176 ||   504
  Block: Buckler           |    22 |    36 |   130 |   100 ||   288
   Form: Beast             |       |     1 |       |       ||     1
